 Dungeon Crawl Stone Soup version 0.25-a0-701-gb30f108f01 (webtiles) character file.

Game seed: 378375515243197914, levelgen mode: deterministic

29 Iscandelvey the Vexing (level 3, 26/26 HPs)
             Began as a Demonspawn Arcane Marksman on Apr 3, 2020.
             Quit the game on level 2 of the Dungeon.
             The game lasted 00:00:35 (730 turns).

Iscandelvey the Vexing (Demonspawn Arcane Marksman)  Turns: 730, Time: 00:00:36

Health: 26/26      AC:  2    Str: 10    XL:     3   Next: 1%
Magic:  4/4        EV: 12    Int: 15    God:
Gold:   117        SH:  0    Dex: 13    Spells: 3/4 levels left

rFire    . . .     SeeInvis .   a - +0 hunting sling
rCold    . . .     Gourm    .   (no shield)
rNeg     . . .     Faith    .   e - +0 robe
rPois    .         Spirit   .   (no helmet)
rElec    .         Reflect  .   (no cloak)
rCorr    .         Harm     .   (no gloves)
MR       .....                  (no boots)
Stlth    +.........             (no amulet)
HPRegen  0.08/turn              (no ring)
MPRegen  0.09/turn              (no ring)

@: no status effects
A: hooves 1, powered by pain 1
a: no special abilities


You were on level 2 of the Dungeon.
You were not hungry.

You visited 1 branch of the dungeon, and saw 2 of its levels.

You collected 117 gold pieces.

Inventory:

Hand Weapons
 a - a +0 hunting sling (weapon)
Missiles
 b - 49 stones
 d - 11 sling bullets (quivered)
Armour
 e - a +0 robe (worn)
Scrolls
 g - 2 scrolls of enchant weapon {unknown}
 h - 3 scrolls of amnesia {unknown}
 i - a scroll of enchant armour {unknown}
 j - a scroll of noise {unknown}
 k - a scroll of immolation {unknown}
Potions
 c - 2 potions of lignification {unknown}
Comestibles
 f - 4 rations


   Skills:
 + Level 1.2 Fighting
 + Level 2.4 Slings
 + Level 2.1 Dodging
 + Level 1.0 Spellcasting
 + Level 3.2 Hexes


You had 3 spell levels left.
You knew the following spells:

 Your Spells              Type           Power        Failure   Level  Hunger
a - Corona                Hex            ##.....      6%          1    ##.....

Your spell library contained the following spells:

 Spells                   Type           Power        Failure   Level  Hunger
 Slow                     Hex            ##......     10%         2    ###....
 Inner Flame              Hex/Fire       #.......     36%         3    ####...
 Portal Projectile        Hex/Tloc       #.....       36%         3    ####...
 Cause Fear               Hex            ##........   54%         4    #####..
 Leda's Liquefaction      Hex/Erth       #.........   77%         4    #####..


Dungeon Overview and Level Annotations

Branches:
Dungeon (2/15)

Altars:


Innate Abilities, Weirdness & Mutations

You have large cloven feet.
You sometimes gain a little power by taking damage.


Message History

No target in view!
A kobold comes into view. It is wielding a +0 dagger.
Firing (i - inventory. (/) - cycle)
d - 13 sling bullets (quivered)
Press: ? - help, Shift-Dir - straight line, f - kobold
Aim: a kobold, wielding a +0 dagger (hasn't noticed you)
You shoot a sling bullet.
The sling bullet barely misses the kobold.
The kobold shouts!
A kobold is nearby!
Firing (i - inventory. (/) - cycle)
d - 12 sling bullets (quivered)
Press: ? - help, Shift-Dir - straight line, f/p - kobold
Aim: a kobold, wielding a +0 dagger You shoot a sling bullet.
The sling bullet hits the kobold!
You kill the kobold!
You have reached level 3!
Your experience leads to an increase in your attributes!
Increase (S)trength, (I)ntelligence, or (D)exterity?
You feel clever.
Your demonic ancestry asserts itself...
Your feet thicken and deform.
Are you sure you want to abandon this character and quit the game? (Confirm with "yes".)

.###### ##### ....!..
...#
.(.....#####.########
...........†....>...#
.................##.#
.................##.#
..(.(............##.#
.......@.........##.#
.#.##+#..........##.#
#[.........##.#
######+######.# #.#
#.# #.######.#
#.#......# #.#.#....#
#.#.#.##.#


There were no monsters in sight!

Vanquished Creatures
  An ooze (D:2)
  A dart slug (D:1)
  6 bats (D:1)
  A giant cockroach (D:1)
  2 goblins
  2 hobgoblins (D:1)
  2 kobolds
  5 frilled lizards
  3 rats (D:1)
23 creatures vanquished.

Notes
Turn   | Place    | Note
-------+----------+-------------------------------------------
     0 | D:1      | Iscandelvey the Demonspawn Arcane Marksman began the quest
                  | for the Orb.
     0 | D:1      | Reached XP level 1. HP: 15/15 MP: 2/2
   134 | D:1      | Gained mutation: You sometimes gain a little power by
                  | taking damage. [demonic ancestry]
   134 | D:1      | Reached XP level 2. HP: 20/21 MP: 3/3
   729 | D:2      | Gained mutation: You have large cloven feet. [demonic
                  | ancestry]
   729 | D:2      | Reached XP level 3. HP: 26/26 MP: 4/4
   730 | D:2      | Quit the game

Levels and vault maps discovered:
D:1:      giann_wishing_wells, layout_basic
D:2:      layout_basic, nicolae_overflow_crystal_walls, interstate_on_off,
          minmay_tiny_reverse_x

Skill      XL: |  1 |
---------------+----+-----
Dodging        | 2 |  2.1
Slings         | 2 |  2.4
Fighting       | |  1.2
Spellcasting   | |  1.0
Hexes          | |  3.2

Action                   || total
-------------------------++-------
 Fire: Hunting sling     ||    57
Armor: Robe              ||     2
Dodge: Dodged            ||     5

Table legend:
 A = Non-vault XP
 B = Vault XP
 C = Vault XP percentage of total XP
 D = Non-vault monster count
 E = Vault monster count
 F = Vault count percentage of total count
                 A         B        C        D         E       F
            +---------+---------+-------+---------+---------+-------
      Total |      42 |       0 |   0.0 |      23 |       0 |   0.0
            +---------+---------+-------+---------+---------+-------
        D:1 |      30 |       0 |   0.0 |      19 |       0 |   0.0
        D:2 |      12 |       0 |   0.0 |       4 |       0 |   0.0
            +---------+---------+-------+---------+---------+-------
